 Dungeon Crawl Stone Soup version 0.17.0-28-g6e173f8 (webtiles) character file.

102 R18 the Poker (level 5, -5/41 HPs)
             Began as a Formicid Abyssal Knight on Nov 29, 2015.
             Was a Priest of Lugonu.
             Killed by nerve-wracking pain
             ... invoked by Grinder
              (14 damage)
             ... on level 3 of the Dungeon.
             The game lasted 00:07:07 (2145 turns).

R18 the Poker (Formicid Abyssal Knight)             Turns: 2145, Time: 00:07:07

Health: -5/41      AC:  9    Str: 16    XL:     5   Next: 6%
Magic:  7/7        EV: 10    Int: 13    God:    Lugonu [***...]
Gold:   94         SH:  0    Dex: 10    Spells: 0 memorised, 4 levels left

rFire  . . .     SeeInvis +     a - +1 spear
rCold  . . .     Clarity  .     i - +3 ring mail
rNeg   . . .     SustAt   .     (no shield)
rPois  .         Gourm    .     (helmet unavailable)
rElec  .         Spirit   .     (no cloak)
rCorr  .         Warding  .     h - +0 pair of gloves
rMut   .         Stasis   +     (no boots)
MR     .....                    (no amulet)
Stlth  ..........               (no ring)
                                (no ring)

@: not resistant to hostile enchantments, extremely unstealthy
A: permanent stasis, dig shafts and tunnels, four strong arms, antennae 3
a: Dig, Shaft Self, Depart the Abyss, Bend Space, Banish, Renounce Religion


You were on level 3 of the Dungeon.
You worshipped Lugonu.
Lugonu was most pleased with you.
You were not hungry.

You visited 1 branch of the dungeon, and saw 3 of its levels.
You visited the Abyss 1 time.

You collected 94 gold pieces.

Inventory:

Hand Weapons
 a - a +1 spear (weapon)
Missiles
 k - 5 tomahawks (quivered)
Armour
 b - a +0 leather armour
 h - a +0 pair of gloves (worn)
 i - a +3 ring mail (worn)
Scrolls
 d - 2 scrolls of remove curse
 e - a scroll of magic mapping {unknown}
 g - a scroll of recharging {unknown}
 m - a scroll of enchant weapon {unknown}
 p - a scroll of random uselessness {unknown}
 r - a scroll of teleportation {unknown}
 t - a scroll of fog {unknown}
Potions
 f - a potion of haste
 j - a potion of invisibility
 l - a potion of cancellation
 n - a potion of cure mutation
 u - 2 potions of poison
Comestibles
 c - a bread ration
 q - 2 chunks of flesh
 v - a meat ration


   Skills:
 - Level 3.2 Fighting
 * Level 3.9 Polearms
 + Level 3.3 Armour
 - Level 0.8 Dodging
 - Level 2.7 Invocations


You had 4 spell levels left.
You didn't know any spells.

Dungeon Overview and Level Annotations

Branches:
Dungeon (3/15)

Altars:
Kikubaaqudgha
Makhleb
Nemelex Xobeh
Ru
Trog

Annotations:
D:3 Grinder


Innate Abilities, Weirdness & Mutations

You are under a permanent stasis effect.
You can dig through walls and to a lower floor.
Your four strong arms can wield two-handed weapons with a shield.
You have a pair of large antennae on your head (SInv).


Message History

Aim: Grinder (severely wounded)
Okay, then.
Attack whom?
Press: ? - help, Dir - move target cursor, f/p - Grinder
Aim: Grinder (severely wounded)
You reach to attack!
You closely miss Grinder.
Grinder is severely wounded.
Grinder gestures at you. Pain shoots through your body!
* * * LOW HITPOINT WARNING * * *
Unknown command.
Attack whom?
Press: ? - help, Dir - move target cursor, f/p - Grinder
Aim: Grinder (severely wounded)
You reach to attack!
You hit Grinder.
Grinder is severely wounded.
Grinder grins, showing sharp teeth.
Grinder gestures at you. Pain shoots through your body!
You die...

#.. #.# #######.# .#
#.......# .#.#
#.##....##.#.#
#.###.##$........#
#...........^....###
#####.##.##..#.#...
#.##.##@.#...# #. #
#....5...#.#.# #.. .
####.........#
#..#### #######†#.#
#......
#.#.#####..####
#............##
#......##.....#
#.....(.>>.....
#.....###......


You could see Grinder.

Vanquished Creatures
  Robin (D:2)
  2 adders (D:2)
  A worm (D:3)
  A giant gecko (D:1)
  A giant cockroach (D:1)
  16 goblins
  16 hobgoblins
  4 jackals (D:2)
  7 bats
  4 giant newts (D:1)
  3 kobolds (D:1)
  9 rats
65 creatures vanquished.

Notes
Turn   | Place    | Note
--------------------------------------------------------------
     0 | Abyss:1  | R18 the Formicid Abyssal Knight began the quest for the Orb.
     0 | Abyss:1  | Reached XP level 1. HP: 18/18 MP: 2/2
    26 | D:1      | Escaped the Abyss
    87 | D:1      | Reached XP level 2. HP: 12/24 MP: 3/3
   536 | D:1      | Reached ** piety under Lugonu
   583 | D:1      | Reached XP level 3. HP: 22/29 MP: 5/5
  1177 | D:2      | Noticed Robin
  1412 | D:2      | Reached XP level 4. HP: 30/35 MP: 6/6
  1419 | D:2      | Killed Robin
  1469 | D:2      | Reached *** piety under Lugonu
  1568 | D:2      | Found a sparkling altar of Nemelex Xobeh.
  1626 | D:2      | Found an ancient bone altar of Kikubaaqudgha.
  1651 | D:2      | Found a bloodstained altar of Trog.
  1689 | D:2      | Found a burning altar of Makhleb.
  1980 | D:3      | Found a sacrificial altar of Ru.
  1985 | D:3      | Reached XP level 5. HP: 41/41 MP: 7/7
  2053 | D:3      | Noticed Grinder
  2145 | D:3      | Killed from afar by Grinder

Action                   |  1- 3 |  4- 6 || total
-------------------------+-------+-------++-------
Melee: Spear             |   158 |   100 ||   258
Throw: Tomahawk          |       |     2 ||     2
  Use: Scroll            |       |     8 ||     8
       Potion            |       |     2 ||     2
  Eat: Chunk             |     2 |     2 ||     4
